 Dungeon Crawl Stone Soup version 0.28.0-43-g3370ac3207 (webtiles) character file.

Game seed: 2498815645144389842

13 xzight the Skirmisher (level 2, -1/19 HPs)
             Began as a Gargoyle Fighter on Mar 18, 2022.
             Slain by Robin
             ... wielding a +0 trident
              (5 damage)
             ... on level 2 of the Dungeon.
             The game lasted 00:01:09 (271 turns).

xzight the Skirmisher (Gargoyle Fighter)             Turns: 271, Time: 00:01:10

Health: -1/19      AC:  9    Str: 19    XL:     2   Next: 37%
Magic:  2/2        EV:  9    Int:  8    God:
Gold:   42         SH:  4    Dex:  9    Spells: 1/1 levels left

rFire   . . .      SeeInvis .   a - +0 war axe
rCold   . . .      Faith    .   c - +0 buckler
rNeg    + . .      Spirit   .   b - +0 scale mail
rPois   ∞          Reflect  .   (no helmet)
rElec   +          Harm     .   (no cloak)
rCorr   .          Rampage  .   (no gloves)
Will    .....                   (no boots)
Stlth   ..........              (no amulet)
HPRegen 0.06/turn               (no ring)
MPRegen 0.08/turn               (no ring)

@: no status effects
A: sickness immunity, AC +2, negative energy resistance 1, electricity
resistance, torment resistance 1, petrification resistance
a: no special abilities


You were on level 2 of the Dungeon.
You visited 1 branch of the dungeon, and saw 2 of its levels.

You collected 42 gold pieces.


Innate Abilities, Weirdness & Mutations

You are immune to sickness and miasma.
Your stone body is resilient. (AC +2)
You are immune to poison.
You resist negative energy. (rN+)
You are resistant to electric shocks. (rElec)
You are resistant to unholy torment.
You are immune to petrification.


   Skills:
 + Level 3.4 Fighting
 * Level 2.2 Axes
 + Level 3.4 Armour
 + Level 3.4 Shields


You had one spell level left.
You didn't know any spells.
Your spell library was empty.

Inventory:

Hand Weapons
 a - a +0 war axe (weapon)
Armour
 b - a +0 scale mail (worn)
 c - a +0 buckler (worn)
Scrolls
 e - a scroll of magic mapping {unknown}
 g - a scroll of fog {unknown}
Potions
 d - a potion of might
 f - a potion of mutation {unknown}

Dungeon Overview and Level Annotations

Branches:
Dungeon (1/15)

Altars:

Annotations:
D:2 Robin

#############
..lKggg@)g.>#
...Kgg###g#.#
...##.###.# #
#g.gg...#
#.#r.##.# ##.
#.# .. ..#
##. ..# #.
..#


You could see Robin, a hobgoblin (strong), 5 goblins, 2 kobolds and a frilled
lizard.


Message History

The goblin hits you but does no damage.
Robin hits you from afar with a +0 trident.
A kobold comes into view. It is wielding a +0 short sword.
The goblin hits you with a +0 dagger.
* * * LOW HITPOINT WARNING * * *
You slash the goblin!
You kill the goblin!
You barely miss the goblin. The goblin misses you.
The hobgoblin hits you but does no damage.
The goblin closely misses you.
A frilled lizard comes into view.
You closely miss the hobgoblin. You closely miss the goblin.
The goblin hits you with a +0 dagger.
* * * LOW HITPOINT WARNING * * *
The hobgoblin hits you but does no damage.
Robin hits you but does no damage.
Unknown command.
You slash the hobgoblin!
You kill the hobgoblin!
You slash the goblin!
You kill the goblin!
Robin throws the goblin at you! The goblin hits you but does no damage.
You barely miss the goblin. You closely miss the goblin.
Robin closely misses you. The goblin closely misses you. x2
Unknown command.
You slash the goblin!
You kill the goblin!
You closely miss the goblin.
Robin hits you from afar with a +0 trident.
You die...

Skill      XL: |  1 |
---------------+----+-----
Axes           | 2 |  2.2
Fighting       | |  3.4
Armour         | |  3.4
Shields        | |  3.4

Action                   || total
-------------------------++-------
Melee: War axe           ||    37
Armor: Scale mail        ||    21
Dodge: Dodged            ||    28
Block: Buckler           ||    10

Levels and vault maps discovered:
D:1:      wander_arrival_chamber, layout_basic
D:2:      layout_basic, serial_shops, shop_fountains, minmay_pentomino_x2,
          uniq_sigmund, uniq_robin

Notes
Turn   | Place    | Note
-------+----------+-------------------------------------------
     0 | D:1      | xzight the Gargoyle Fighter began the quest for the Orb.
     0 | D:1      | Reached XP level 1. HP: 14/14 MP: 1/1
   161 | D:1      | Reached skill level 2 in Axes
   256 | D:1      | You fall into a shaft and drop 1 floor!
   256 | D:2      | Noticed Robin
   258 | D:2      | Reached XP level 2. HP: 19/19 MP: 2/2
   271 | D:2      | Slain by Robin

Vanquished Creatures
  6 goblins
  3 hobgoblins
  A bat (D:1)
  2 frilled lizards (D:1)
  A kobold (D:1)
13 creatures vanquished.

Table legend: (Time is in decaauts)
 A = Elapsed time spent in this place.
 B = Non-inter-level travel time spent in this place.
 C = Inter-level travel time spent in this place.
 D = Time resting spent in this place.
 E = Time spent auto-exploring this place.
 F = Levels seen in this place.
 G = Mean time per level.
                   A        B        C        D        E       F      G
               +--------+--------+--------+--------+--------+-----+--------+
         Total |    286 |    286 |      0 |     28 |    161 |   2 |  143.0 |
       Dungeon |    286 |    286 |      0 |     28 |    161 |   2 |  143.0 |
               +--------+--------+--------+--------+--------+-----+--------+

Top non-repeatable levels by time:
     D:1: 267 daAuts
     D:2: 18 daAuts

Table legend:
 A = Non-vault XP
 B = Vault XP
 C = Vault XP percentage of total XP
 D = Non-vault monster count
 E = Vault monster count
 F = Vault count percentage of total count
                 A         B        C        D         E       F
            +---------+---------+-------+---------+---------+-------
      Total |       8 |      13 |  61.9 |       6 |       7 |  53.8
            +---------+---------+-------+---------+---------+-------
        D:1 |       8 |       0 |   0.0 |       6 |       0 |   0.0
        D:2 |       0 |      13 | 100.0 |       0 |       7 | 100.0
            +---------+---------+-------+---------+---------+-------
